AoeStats
← POPE

Golden Pit

509659465Analyzed
1v1 RM · 6d ago on Sep 27, 2026· 55m 56s· 2 players
Game mode
Random Map
Map size
Tiny (2 player)
Population
200
Speed
Normal
Resources
Standard
Victory
Conquest
Starting age
Dark Age
Ending age
Imperial Age
RankedLock teamsTeams togetherTeam positionsShared explorationLock speedFull tech treeHidden civsTurbo modeCheats
Victory
Defeat
🇺🇸 Persians · United States
879
+15
🇨🇳 Mongols · China
856
-15
风清扬
0:42 Loom
12:41 Feudal Age
13:35 Man-at-Arms
21:18 Castle Age
20:00 Horse Collar
20:29 Double-Bit Axe
22:17 Fletching
22:47 Pikeman
25:37 Crossbowman
28:10 Gold Mining
28:11 Stone Mining
28:45 Bow Saw
30:46 Forging
31:48 Scale Mail Armor
33:12 Bloodlines
34:05 Padded Archer Armor
35:34 Bodkin Arrow
35:45 Scale Barding Armor
37:09 Heavy Plow
39:51 Gold Shaft Mining
39:52 Stone Shaft Mining
42:48 Imperial Age
40:40 Chain Mail Armor
42:56 Iron Casting
44:31 Arbalester
45:55 Cavalier
46:35 Husbandry
48:22 Wheelbarrow
49:13 Chain Barding Armor
49:54 Blast Furnace
50:40 Chemistry
50:04 Elite Mangudai
52:02 Leather Archer Armor
51:47 Bracer
52:21 Plate Mail Armor
53:21 Elite Steppe Lancer
POPE
12:07 Feudal Age
14:01 Loom
17:17 Bloodlines
18:05 Double-Bit Axe
18:04 Horse Collar
23:08 Scale Barding Armor
26:14 Castle Age
24:25 Stone Mining
24:27 Gold Mining
25:06 Forging
28:39 Bow Saw
29:29 Husbandry
28:50 Light Cavalry
30:27 Fletching
32:35 Heavy Plow
34:13 Gold Shaft Mining
34:16 Stone Shaft Mining
35:38 Wheelbarrow
34:49 Town Watch
35:35 Pikeman
36:16 Squires
36:01 Arson
37:08 Kamandaran
37:43 Padded Archer Armor
37:49 Bodkin Arrow
38:17 Crossbowman
39:12 Thumb Ring
41:08 Hand Cart
42:17 Scale Mail Armor
44:59 Imperial Age
45:05 Ballistics
44:41 Murder Holes
46:23 Chemistry
45:19 Murder Holes
46:46 Masonry
46:54 Leather Archer Armor
47:00 Chain Barding Armor
47:15 Iron Casting
48:12 Conscription
48:30 Hoardings
48:32 Town Patrol
49:04 Guilds
48:19 Hussar
48:22 Halberdier
49:34 Ring Archer Armor
53:15 Citadels
52:36 Sappers
Connection lost

Rejoining the realm…

Still unreachable

The connection could not be restored.

Session expired

The server has moved on; the page needs a fresh start.